 Dungeon Crawl Stone Soup version 0.31-a0-1036-g31867e143a (webtiles) character file.

Game seed: 17130202602474427987

263 Jannitor the Sneak (level 6, 0/43 HPs)
             Began as an Octopode Delver on Nov 19, 2023.
             Slain by a steam dragon (3 damage)
             ... on level 4 of the Dungeon.
             The game lasted 00:04:34 (2435 turns).

Jannitor the Sneak (Octopode Delver)                Turns: 2435, Time: 00:04:35

Health: 0/43       AC:  1    Str: 11    XL:     6   Next: 19%
Magic:  6/6        EV: 14    Int: 15    God:
Gold:   319        SH:  0    Dex: 13    Spells: 5/5 levels left

rFire   . . .        a - +0 spear
rCold   . . .        (no shield)
rNeg    . . .        (helmet currently unavailable)
rPois   .            g - amulet of regeneration
rElec   .            (no ring)
rCorr   .            (no ring)
SInv    .            (no ring)
Will    .....        (no ring)
Stlth   +++++        (no ring)
HPRegen 1.07/turn    (no ring)
MPRegen 0.10/turn    (no ring)
                     (no ring)

%: no passive effects
@: beast-form, hasted, very quick
A: beast (slay +1), almost no armour, amphibious, 8 rings, camouflage 1,
gelatinous body 1, (nimble swimmer 1), tentacles
a: Begin Untransformation


You were on level 4 of the Dungeon.
You were a hulking beast.
You visited 1 branch of the dungeon, and saw 5 of its levels.

You collected 319 gold pieces.

Inventory:

Hand Weapons
 a - a +0 spear (weapon)
Armour
 n - an orb of light
Jewellery
 g - an amulet of regeneration (around mantle)
 x - a ring of see invisible
Talismans
 l - a beast talisman (active)
 m - a serpent talisman
 q - a flux talisman
Wands
 f - a wand of digging (3)
Scrolls
 b - 2 scrolls of fog
 c - a scroll of revelation
 d - 2 scrolls of fear
 j - a scroll of enchant weapon {unknown}
 p - a scroll of identify {unknown}
 r - a scroll of torment {unknown}
 s - a scroll of poison {unknown}
 t - a scroll of teleportation {unknown}
 u - a scroll of amnesia {unknown}
 y - a scroll of immolation {unknown}
Potions
 e - 2 potions of haste
 h - a potion of cancellation {unknown}
 i - a potion of degeneration {unknown}
 k - 4 potions of enlightenment {unknown}
 o - 3 potions of curing {unknown}
 v - a potion of mutation {unknown}
 w - a potion of attraction {unknown}


   Skills:
 + Level 4.0 Fighting
 + Level 3.3 Polearms
 + Level 3.3 Dodging
 + Level 7.7 Stealth
 + Level 1.7 Shapeshifting


You had 5 spell levels left.
You didn't know any spells.
Your spell library contained the following spells:

 Spells                   Type           Power      Damage    Failure   Level
 Blink                    Tloc           0%         N/A       38%         2
 Lesser Beckoning         Tloc           0%         N/A       38%         2
 Momentum Strike          Conj/Tloc      0%         3d8       38%         2
 Inner Flame              Hex/Fire       0%         N/A       63%         3
 Yara's Violent Unravell  Hex/Tmut       0%         3d3       100%        5
 Enfeeble                 Hex            0%         N/A       100%        7


Dungeon Overview and Level Annotations

Branches:
Dungeon (5/15)
 Temple: D:4-7

Altars:
Trog
Wu Jian

Annotations:
D:4 1 transporter


Innate Abilities, Weirdness & Mutations

You are a hulking beast.
Your limbs bulge with bestial killing power. (Slay +1)
You cannot wear most types of armour.
You are amphibious.
You can wear up to eight rings at the same time.
Your skin changes colour to match your surroundings (Stealth+).
Your rubbery body absorbs attacks. (AC +1, EV +1)
((You are camouflaged when in or above water. (Stealth+)))
You have tentacles for arms and can constrict up to eight enemies at once.


Message History

You hit the steam dragon. Your squeeze misses the steam dragon.
The steam dragon is heavily wounded.
Unknown command.
You barely miss the steam dragon.
The steam dragon is heavily wounded.
The hobgoblin hits you. The steam dragon breathes steam at you.
The ball of steam hits you!
Unknown command.
The steam dragon bites you.
* * * LOW HITPOINT WARNING * * *
The steam dragon claws you.
* * * LOW HITPOINT WARNING * * *
Unknown command.
You hit the steam dragon. You squeeze the steam dragon!
The steam dragon is almost dead.
Unknown command.
You hit the steam dragon but do no damage.
The steam dragon is almost dead.
The steam dragon bites you.
* * * LOW HITPOINT WARNING * * *
The steam dragon misses you.
Unknown command.
You hit the steam dragon but do no damage.
The steam dragon is almost dead.
Unknown command.
You hit the steam dragon.
The steam dragon is almost dead.
You are engulfed in a cloud of scalding steam.
* * * LOW HITPOINT WARNING * * *
The kobold brigand is engulfed in a cloud of scalding steam.
The kobold brigand barely misses you. The steam dragon closely misses you. x2
Unknown command.
You hit the steam dragon but do no damage.
The steam dragon is almost dead.
The kobold brigand hits you with a +0 club.
* * * LOW HITPOINT WARNING * * *
The hobgoblin closely misses you. The steam dragon closely misses you.
The steam dragon claws you.
You die...

#.........##.. #
#..............
#
#.....##..>....
.+#
#.....##..###...
.... #.....#...#
.....©.
#.....#....
######
#....§#....#
8..($ #.....+
...# .....
#...h§# #....
#..gDK# #...
#.$.F..# .©.
#......# .
#......#
#......'
#......#.
#...##.#... #..#


You could see a steam dragon, a kobold brigand, a bullfrog and a hobgoblin.

Vanquished Creatures
  A bullfrog (D:4)
  An iguana (D:4)
  6 adders
  3 worms (D:2)
  5 dart slugs
  4 orcs
  8 ball pythons
  10 bats
  9 endoplasms
  A giant cockroach (D:3)
  6 goblins
  16 hobgoblins
  5 jackals (D:3)
  2 quokkas (D:1)
  7 frilled lizards
  5 kobolds
  5 rats
94 creatures vanquished.

Vanquished Creatures (others)
  An arcanist (D:4)
1 creature vanquished.

Grand Total: 95 creatures vanquished

Notes
Turn   | Place    | Note
-------+----------+-------------------------------------------
     0 | D:5      | Jannitor the Octopode Delver began the quest for the Orb.
     0 | D:5      | Reached XP level 1. HP: 16/16 MP: 1/1
    35 | D:4      | Noticed a kobold brigand
    80 | D:3      | Found a faded altar of an unknown god.
   145 | D:3      | Reached XP level 2. HP: 15/21 MP: 2/2
   270 | D:3      | Reached XP level 3. HP: 26/26 MP: 3/3
   276 | D:3      | Reached skill level 7 in Stealth
   819 | D:2      | Reached XP level 4. HP: 31/31 MP: 4/4
  1575 | D:2      | Reached skill level 1 in Shapeshifting
  1585 | D:2      | Reached XP level 5. HP: 35/36 MP: 5/5
  1671 | D:2      | Found an ornate altar of the Wu Jian Council.
  2153 | D:4      | Found a transporter.
  2362 | D:4      | Found a bloodstained altar of Trog.
  2372 | D:4      | Noticed an arcanist
  2375 | D:4      | Killed an arcanist
  2415 | D:4      | Noticed a steam dragon
  2424 | D:4      | Reached XP level 6. HP: 39/43 MP: 6/6
  2435 | D:4      | Slain by a steam dragon

Illustrated notes

Levels and vault maps discovered:
D:1:      matt_arrival_diagonals, layout_basic, minmay_misc_feat_rugged
D:2:      layout_basic, basic_altar, minmay_gold_behind_fungi, st_stairs_7,
          minmay_pentomino_z4
D:3:      layout_basic, dreamdust_ecumenical_altar_statues,
          minmay_misc_feat_enclosed, minivault_14, minmay_goblin_kobold_house
D:4:      layout_gridville, trog_wizard, gammafunk_ghost_arena,
          minmay_shop_damaged, minmay_manual_monolith
D:5:      layout_layer_cave, serial_shops, nicolae_inconvenience_store

Skill      XL: |  1  2  3  4  5 |
---------------+----------------+-----
Stealth        | 7 |  7.7
Shapeshifting  | 1 |  1.7
Polearms       | 3 |  3.3
Dodging        | 3 |  3.3
Fighting       | 4 |  4.0

Action                     |  1- 3 |  4- 6 || total
---------------------------+-------+-------++-------
  Melee: Spear             |    80 |   153 ||   233
         Tentacles         |    14 |    25 ||    39
         Constrict         |    19 |    21 ||    40
         Punch             |     1 |     1 ||     2
    Use: Potion            |       |     1 ||     1
   Stab: Sleeping          |    15 |    36 ||    51
 Armour: Skin              |    21 |    41 ||    62
  Dodge: Dodged            |    26 |    54 ||    80
   Form: Beast             |     1 |       ||     1

Table legend: (Time is in decaauts)
 A = Elapsed time spent in this place.
 B = Non-inter-level travel time spent in this place.
 C = Inter-level travel time spent in this place.
 D = Time resting spent in this place.
 E = Time spent auto-exploring this place.
 F = Levels seen in this place.
 G = Mean time per level.
                   A        B        C        D        E       F      G
               +--------+--------+--------+--------+--------+-----+--------+
         Total |   2422 |   2261 |    161 |     69 |   1583 |   5 |  484.4 |
       Dungeon |   2422 |   2261 |    161 |     69 |   1583 |   5 |  484.4 |
               +--------+--------+--------+--------+--------+-----+--------+

Top non-repeatable levels by time:
     D:2: 752 daAuts
     D:1: 693 daAuts
     D:3: 650 daAuts
     D:4: 298 daAuts
     D:5: 28 daAuts
